Cogmind - Beta 12 *** ADVENTURER MODE // 2023.08.05 @ 08:17:43 Player: Rudolf Result: Destroyed by Y-45 Defender with Heavy Assault Rifle Performance ------------- Evolutions (2) 1000 Regions Visited (4) 800 Robots Destroyed (54) 270 Value Destroyed (1580) 1580 Prototype IDs (3) 60 Alien Tech Used (0) 0 Bonus (385) 385 TOTAL SCORE: 4095 Bonus ------- High Alert Combat Kills 120 Follower Combat Kills 265 Cogmind --------- Core Integrity 0/550 Matter 285/300 Energy 13/100 System Corruption 0% Temperature Cool (9) Movement Core (100) Ox1 Location -8/Storage Parts ------- > --- POWER (1) -------- (None) > --- PROPULSION (5) --- (None) > --- UTILITY (3) ------ Visual Processing Unit Improved Terrain Scanner Improved Targeting Computer > --- WEAPON (2) ------- Improved Medium Laser > --- INVENTORY (5) ---- Improved Hover Unit Weight Redist. System Improved Sensor Array Beam Cannon Flak Cannon Peak State ------------ > --- POWER ------------ Nuclear Core > --- PROPULSION ------- Aluminum Leg Aluminum Leg Aluminum Leg Aluminum Leg Improved Aluminum Leg > --- UTILITY ---------- Cooling System Light Armor Plating Recalibrator > --- WEAPON ----------- Heavy Particle Cannon Heavy Assault Rifle > --- INVENTORY -------- Aluminum Leg Heat Sink Beam Rifle Beam Cannon [Rating: 21] Favorites ----------- Power Nuclear Core Engine Improved Ion Engine Power Core Nuclear Core Propulsion Aluminum Leg Treads Armored Treads Leg Aluminum Leg Wheel Armored Wheel Utility Cooling System Device Cooling System Storage High-capacity Battery Processor Improved Signal Interpreter Protection Hardened Light Armor Plating Weapon Heavy Assault Rifle Energy Gun Improved Medium Laser Energy Cannon Heavy Particle Cannon Ballistic Gun Heavy Assault Rifle Ballistic Cannon Flak Cannon Launcher EMP Blaster Build | -11 -10 -9 -8 -8 ------- Run | Jun Mat Mat Mat Sto Slots Evolved 4 | . . 2 2 . Power . | . . . . . Propulsion 3 | . . 2 1 . Utility 1 | . . . 1 . Weapon . | . . . . . Parts Attached 53 | 5 5 20 2 21 Power 5 | 1 . 3 . 1 Engine 4 | 1 . 2 . 1 Core 1 | . . 1 . . Reactor . | . . . . . Propulsion 18 | 2 2 9 1 4 Treads 1 | . . . . 1 Leg 16 | 2 1 9 1 3 Wheel 1 | . 1 . . . Hover . | . . . . . Flight . | . . . . . Utility 15 | . 2 3 1 9 Device 7 | . . 2 1 4 Storage 2 | . 1 . . 1 Processor 4 | . . . . 4 Hackware . | . . . . . Protection 2 | . 1 1 . . Artifact . | . . . . . Weapon 15 | 2 1 5 . 7 Energy Gun 4 | 1 . . . 3 Energy Cannon 4 | . . 2 . 2 Ballistic Gun 5 | 1 1 2 . 1 Ballistic Cannon 1 | . . . . 1 Launcher 1 | . . 1 . . Special Weapon . | . . . . . Impact Weapon . | . . . . . Slashing Weapon . | . . . . . Piercing Weapon . | . . . . . Special Melee Weapon . | . . . . . Unidentified Prototypes 1 | . . . . 1 Parts Lost 24 | . . 4 . 20 Power 3 | . . 1 . 2 Propulsion 10 | . . 1 . 9 Utility 6 | . . 1 . 5 Weapon 5 | . . 1 . 4 Highest Loss Streak 12 | . . 2 . 12 To Critical Strikes . | . . . . . Average Slot Usage (%) 74 | . 87 91 96 53 Engine 4 | . 14 3 . 2 Core 4 | . . 7 9 2 Leg 27 | . 28 38 45 15 Device 8 | . . 10 15 7 Storage 1 | . 13 . . . Processor 3 | . . . . 8 Protection 5 | . 3 10 9 1 Energy Gun 4 | . 14 1 . 6 Energy Cannon 5 | . . 8 9 4 Ballistic Gun 7 | . 14 10 9 2 Naked Turns 10 | . . . . 10 Heaviest Build 23 | 7 17 23 22 22 Greatest Support 53 | 20 20 43 53 53 Greatest Overweight (x) 4 | . . . . 4 Average Overweight (x) . | . . . . . Largest Inventory Capacity 5 | 5 5 5 5 5 Average Capacity 5 | 5 5 5 5 5 Most Carried 5 | 4 5 5 5 5 Average Carried 4 | 2 4 4 4 4 Final Capacity 5 | 5 5 5 5 5 Final Carried 5 | 4 5 5 5 5 Class Distribution -------------------- 47% | Mutant 36% | Scavenger-Mutant 14% | Scavenger-Skirmisher Dominant Class ---------------- Mutant | -10/Materials Scavenger-Mutant | -9/Materials Scavenger-Mutant | -8/Materials Mutant | -8/Storage Resources | -11 -10 -9 -8 -8 ----------- Run | Jun Mat Mat Mat Sto Matter Collected 953 | 239 76 392 . 246 Remotely . | . . . . . Salvage Created 1873 | . 95 1087 . 691 Parts 131 | . 4 90 . 37 Haulers Intercepted . | . . . . . Recyclers Shooed 1 | . . 1 . . Parts Field Recycled . | . . . . . Retrieved Matter . | . . . . . Parts Self-Destructed . | . . . . . Prevented . | . . . . . Kills | -11 -10 -9 -8 -8 ------- Run | Jun Mat Mat Mat Sto Combat Hostiles Destroyed 45 | . 2 27 . 16 Guns 26 | . 2 16 . 8 Cannons 16 | . . 11 . 5 AOE 3 | . . . . 3 Classes Destroyed 9 | . 1 7 . 1 Worker 2 | . . 2 . . Builder 3 | . . 2 . 1 Tunneler 1 | . . 1 . . Recycler 1 | . . 1 . . Mechanic 1 | . . 1 . . Watcher 1 | . . . . 1 Swarmer 14 | . . 11 . 3 Grunt 23 | . 2 13 . 8 Sentry 8 | . . 3 . 5 Best Kill Streak 13 | . 2 13 . 6 Combat Bots Only 9 | . 2 9 . 6 Max Kills in Single Turn 3 | . 1 2 . 3 Gunslinging 1 | . . . . 1 Exploded 3 | . . . . 3 Melee . | . . . . . Uniques/NPCs Destroyed . | . . . . . Combat | -11 -10 -9 -8 -8 -------- Run | Jun Mat Mat Mat Sto Damage Taken 3116 | . 54 913 . 2149 Core 664 | . 25 84 . 555 Absorbed by Shields . | . . . . . Core Remaining (%) 89 | 100 90 79 . . Volleys Fired 117 | . 5 71 . 41 Largest 2 | . 2 2 . 2 Hottest 131 | . 70 98 . 131 Shots Fired 204 | . 10 114 . 80 Gun 137 | . 10 73 . 54 Cannon 64 | . . 38 . 26 Launcher 3 | . . 3 . . Special . | . . . . . Kinetic 108 | . 5 70 . 33 Thermal 93 | . 5 41 . 47 Explosive . | . . . . . Electromagnetic 3 | . . 3 . . Robot Hit Streak 17 | . 10 17 . 12 Robot Miss Streak 3 | . . 3 . 3 Penetration Max . | . . . . . Secondary Targets 3 | . . . . 3 Max Gunslinging Chain 1 | . . . . 1 Shots Hit Robots 145 | . 10 73 . 62 Core Hits 78 | . 5 41 . 32 Critical Kills . | . . . . . Critical Parts Destroyed . | . . . . . Critical Strikes 2 | . 1 . . 1 Burn 2 | . 1 . . 1 Melee Attacks . | . . . . . Impact . | . . . . . Slashing . | . . . . . Piercing . | . . . . . Sneak Attacks . | . . . . . Combat Hostiles . | . . . . . Follow-up Attacks . | . . . . . Damage Inflicted 3237 | . 127 1588 . 1522 Guns 1613 | . 127 741 . 745 Cannons 1109 | . . 659 . 450 Explosions 512 | . . 188 . 324 Melee . | . . . . . Ramming 3 | . . . . 3 Kinetic 1230 | . 64 705 . 461 Thermal 1573 | . 63 776 . 734 Explosive 356 | . . 32 . 324 Electromagnetic 75 | . . 75 . . Impact . | . . . . . Slashing . | . . . . . Piercing . | . . . . . Highest Corruption 1 | . . 1 . . Average Corruption 1 | . . 1 . . Corruption Purged . | . . . . . Corruption Blocked . | . . . . . Effects 1 | . . 1 . . Data Loss (major) 1 | . . 1 . . Overload Shots . | . . . . . Overflow Damage 41 | . . 8 . 33 Projectiles . | . . . . . Explosions 41 | . . 8 . 33 Melee . | . . . . . Knockbacks . | . . . . . Impact . | . . . . . Kinetic . | . . . . . Secondary . | . . . . . Self-Inflicted Damage 170 | . . 132 . 38 Shots 4 | . . 3 . 1 Rammed 1 | . . . . 1 Targets Rammed 1 | . . . . 1 Kicked . | . . . . . Crushed . | . . . . . Highest Temperature 115 | . 57 3 . 115 Average Temperature 40 | . 23 3 . 43 Received Heat Transfer 1707 | . 39 246 . 1422 Siege Activations . | . . . . . Robots Corrupted . | . . . . . Combat Hostiles . | . . . . . Parts Fried . | . . . . . Impact Corruptions . | . . . . . Robots Melted . | . . . . . Combat Hostiles . | . . . . . Parts Melted 3 | . . 1 . 2 Heat Transferred 3013 | . 259 1334 . 1420 Parts Sabotaged . | . . . . . Parts Stolen . | . . . . . Parts Stripped . | . . . . . Power Chain Reactions 2 | . . 2 . . Missiles Intercepted . | . . . . . Alert | -11 -10 -9 -8 -8 ------- Run | Jun Mat Mat Mat Sto Peak Influence 637 | . 69 637 229 626 Initial 229 | . . 24 229 82 Average 350 | . 34 409 229 397 Maximum Alert Level 2 | . . 2 1 2 Low Security (%) 26 | 100 100 23 . 8 Level 1 19 | . . 8 100 33 Level 2 53 | . . 68 . 58 Level 3 . | . . . . . Level 4 . | . . . . . Level 5 . | . . . . . High Security . | . . . . . Max Security . | . . . . . Squads Dispatched 12 | . 1 5 . 6 Investigation 6 | . 1 2 . 3 Extermination . | . . . . . Reinforcement 6 | . . 3 . 3 Assault . | . . . . . Garrison . | . . . . . Intercept . | . . . . . Searches Triggered . | . . . . . Construction Impeded 2 | . . 1 . 1 Haulers Reinforced . | . . . . . Active Scanning Responses . | . . . . . Cargo Convoy Interrupts . | . . . . . Stealth | -11 -10 -9 -8 -8 --------- Run | Jun Mat Mat Mat Sto Distress Signals 8 | . . 3 . 5 Communications Jammed . | . . . . . Distress Signals . | . . . . . Times Spotted 79 | . 6 35 . 38 Peak Tracking Total 8 | . 4 7 . 8 Tactical Retreats 3 | . . 1 . 2 Traps | -11 -10 -9 -8 -8 ------- Run | Jun Mat Mat Mat Sto Traps Triggered 5 | . . 2 . 3 Indirectly . | . . . . . Trap Hack Attempts . | . . . . . Triggered . | . . . . . Disarmed . | . . . . . Reprogrammed . | . . . . . Reused . | . . . . . Traps Extracted . | . . . . . Installed . | . . . . . Triggered . | . . . . . Machines | -11 -10 -9 -8 -8 ---------- Run | Jun Mat Mat Mat Sto Machines Disabled 10 | . . 8 . 2 Max in Single Turn 4 | . . 4 . 1 Machines Repaired . | . . . . . Machines Sabotaged . | . . . . . Overloaded Fab Kills . | . . . . . Hacking | -11 -10 -9 -8 -8 --------- Run | Jun Mat Mat Mat Sto Machines Accessed 10 | . 3 3 . 4 Terminals 10 | . 3 3 . 4 Fabricators . | . . . . . Repair Stations . | . . . . . Recycling Units . | . . . . . Scanalyzers . | . . . . . Garrison Access . | . . . . . Total Hacks 26 | . 7 12 . 7 Successful 11 | . 3 3 . 5 Failed 15 | . 4 9 . 2 Catastrophic 5 | . 1 3 . 1 Database Lockouts . | . . . . . Manual 20 | . 4 11 . 5 Terminals 26 | . 7 12 . 7 Fabricators . | . . . . . Repair Stations . | . . . . . Recycling Units . | . . . . . Scanalyzers . | . . . . . Garrison Access . | . . . . . Terminal Hacks 11 | . 3 3 . 5 Record 4 | . . 3 . 1 Prototype ID Bank 1 | . 1 . . . Open Door 2 | . . . . 2 Level Access Points 1 | . . . . 1 Branch Access Points 1 | . . . . 1 Zone Layout 2 | . 2 . . . Fabricator Hacks . | . . . . . Repair Station Hacks . | . . . . . Recycling Unit Hacks . | . . . . . Scanalyzer . | . . . . . Garrison Access Hacks . | . . . . . Unauthorized Hacks . | . . . . . Terminals . | . . . . . Fabricators . | . . . . . Repair Stations . | . . . . . Recycling Units . | . . . . . Scanalyzers . | . . . . . Garrison Access . | . . . . . Data Cores Recovered . | . . . . . Used . | . . . . . Hacking Detections 7 | . 2 3 . 2 Full Trace Events 5 | . 1 3 . 1 Feedback Events 1 | . . 1 . . Corruption 1 | . . 1 . . Feedback Blocked . | . . . . . Robot Schematics Acquired . | . . . . . Robots Built . | . . . . . Authchips . | . . . . . Time . | . . . . . Total Robot Build Rating . | . . . . . Part Schematics Acquired . | . . . . . Parts Built . | . . . . . Authchips . | . . . . . Time . | . . . . . Total Part Build Rating . | . . . . . Parts Repaired . | . . . . . Time . | . . . . . Parts Recycled . | . . . . . Recycled Matter . | . . . . . Retrieved Matter . | . . . . . Retrieved Components . | . . . . . Parts Scanalyzed . | . . . . . Part Schematics Acquired . | . . . . . Parts Damaged . | . . . . . Bothacking | -11 -10 -9 -8 -8 ------------ Run | Jun Mat Mat Mat Sto Used RIF Installer . | . . . . . Robots Hacked . | . . . . . Non-combat . | . . . . . Combat . | . . . . . Robot Hacks Applied . | . . . . . Relay Couplers Released . | . . . . . Fabnet Peak Effective % . | . . . . . Robots Rewired . | . . . . . Allies Hacked . | . . . . . Hacks Repelled . | . . . . . Allies | -11 -10 -9 -8 -8 -------- Run | Jun Mat Mat Mat Sto Total Allies 3 | . . . . 3 Largest Group 3 | . . . . 3 Highest-Rated Group 93 | . . . . 93 Highest-Rated Ally 31 | . . . . 31 Total Orders . | . . . . . Ally Attacks 70 | . . . . 70 Total Damage 881 | . . . . 881 Kills 13 | . . . . 13 Allies Corrupted . | . . . . . Allies Melted . | . . . . . Intel | -11 -10 -9 -8 -8 ------- Run | Jun Mat Mat Mat Sto Robot Analysis Total . | . . . . . Derelict Logs Recovered . | . . . . . Drone Launches . | . . . . . Drone Recoveries . | . . . . . Exploration | -11 -10 -9 -8 -8 ------------- Run | Jun Mat Mat Mat Sto Turns Passed 1586 | 66 141 665 33 681 Spaces Moved 1025 | 48 96 368 25 488 Core 216 | 8 . . . 208 Treads 20 | . . . . 20 Legs 789 | 40 96 368 25 260 Wheels . | . . . . . Hover . | . . . . . Flight . | . . . . . Fastest Speed 50 | 50 120 120 120 50 Average Speed 111 | 108 120 120 120 102 Slowest Speed 250 | 120 120 120 120 250 Overloaded Moves . | . . . . . Propulsion Burnouts . | . . . . . Robots Hopped . | . . . . . Cave-ins Triggered . | . . . . . Exploration Rate (%) 24 | 4 20 33 3 64 Regions Visited 4 Branch Regions 1 Pre-discovered Areas . | . . . . . Known Exits Taken . | . . . . . Unknown Exits Taken 4 | 1 1 1 1 . Scrap Searched . | . . . . . Spaces Dug . | . . . . . Terrain Destroyed 18 | . . 9 . 9 Melee . | . . . . . Projectile 9 | . . 4 . 5 AOE 9 | . . 5 . 4 Terrain Rammed . | . . . . . Walls Destroyed . | . . . . . Machines Disabled . | . . . . . Actions | -11 -10 -9 -8 -8 --------- Run | Jun Mat Mat Mat Sto Total 1264 | 62 110 479 28 585 Wait 18 | 1 1 . . 16 Move 1021 | 47 95 367 24 488 Hop . | . . . . . Pick Up 34 | 9 3 9 2 11 Fast Attach 14 | . 1 6 . 7 Attach 25 | 5 1 5 2 12 Detach 3 | . . 1 . 2 Swap 14 | . 3 9 . 2 Drop 17 | . 1 11 . 5 Fire 117 | . 5 71 . 41 Melee . | . . . . . Ram 1 | . . . . 1 Kick . | . . . . . Crush . | . . . . . Escape Stasis . | . . . . . Rewire . | . . . . . Trap . | . . . . . Miscellaneous . | . . . . . Route ------- -11/Junkyard -10/Materials -9/Materials -8/Materials -8/Storage (discovered 2 exits: Fac / Rec) History --------- Turn | Location | Event 5 | -11/Junkyard | Discovered new exit (range 15) 67 | -11/Junkyard | Entered Materials 138 | -10/Materials | Discovered new exit (range 16) 208 | -10/Materials | Entered another Materials area 208 | -9/Materials | Evolved 2 slots: Propulsion x2 313 | -9/Materials | Build established: Mutant 441 | -9/Materials | Destroyed 9 combat bots 557 | -9/Materials | Discovered new exit (range 13) 781 | -9/Materials | Build established: Scavenger-Mutant 873 | -9/Materials | Entered another Materials area 873 | -8/Materials | Evolved 2 slots: Propulsion x1, Utility x1 874 | -8/Materials | Discovered new exit (range 15) 906 | -8/Materials | Entered Storage 1088 | -8/Storage | Core integrity fell below 50% 1127 | -8/Storage | Lost 12 parts (1p6n3u2w) 1160 | -8/Storage | Allied Derelicts emerged from ambush trap array 1244 | -8/Storage | Identified exit to Recycling 1244 | -8/Storage | Identified exit to Factory 1317 | -8/Storage | Core integrity fell below 20% 1587 | -8/Storage | Destroyed by Y-45 Defender with Heavy Assault Rifle Last Messages --------------- 01475_ G-47 Trooper destroyed. 01495_ Heat Sink melted. 01495_ Y-45 Defender destroyed. 01495_ ALERT: Hostiles spotted, dispatching reinforcements to Terminal S013. 01495_ K-01 Serf collects debris. 01504_ K-01 Serf suffers critical hit (Burn). 01506_ K-01 Serf collects debris. 01516_ Connecting with Door Terminal... >>Open(Door) Sealed Heavy Doors opened. 01538_ K-01 Serf cleans the Packing Station. 01546_ Carbon-fiber Leg destroyed. 01559_ Storage Shell breached. 01567_ Acquired Imp. Targeting Computer. 01569_ K-01 Serf collects debris. 01578_ Aluminum Leg destroyed. 01578_ Discarded Imp. Signal Interpreter. 01579_ Acquired Imp. Terrain Scanner. 01586_ Dropped Hvy. Particle Cannon. Map ----- +----------------------------------------------------+ | ???????????????????????# | | ???????????????????????# | | ???????????????????????# | | ???????????????????????# | | ????????????>??????????#[[ """ | | ??????????????????????##[ R" | | ???????????""""???????# """ | | ??????????## #????????# | | ??????????#T #?????##?#####+#### | | ??????###### ####"T"####### #??? | | ??????#! !## # # #??? | | ??????#! !## + ""# ##?? | | ??????#! !## # ]!! T"# #?? | | ??????#! !## # ]! ""# ##?? | | ??????## ### #? !! # #??? | | ??#???#T # #?####### #### #??? | | ??????## / ##############%#??? | | ???????##### =%[ !# | | ???????????# ![^ + | | ???????????# ### """"" ## | | ???????????# #?# """"" ##? | | ???????????# #?# """""" #??? | | ??????######+### """" #???? | | ?????# # #???? | | ?????# """""" # ##### | | ???????"@]=!" # | | ?????#?"=Y! " + | | ?????# "" """ # | | ?????# ###+#+#########+## | | ?????# #??? ??????# | | ?????# #???"???????# """ | | ?????###########??? ???????# """ | | ???????????????????????????# """ | | ????????????#??????????????# | | ???????????????????????????# | | ???????????????????????????# | | ???????????????????????????# | | ???????????????????????????#+#### | | ???????????????????????????#????? | | ???????????????????????????# ???? | | ???????????????????????????# ???? | | ???????????????????????????# ??## | | ????????????????########??## #### | | ????????????????# #??# | | ????????????????# "" #??# | | ????????????????# "Y ##?# | | ????????????????# "" ??# | | ????????????????# #??# | | ????????????????# ???# | | ????????????????#+##+###### % | +----------------------------------------------------+ Best States ------------- Heat Dissipation 53 Energy Generation 14 Energy Capacity 375 Matter Stores 300 Matter Capacity 300 Sight Range 18 Robot Scan Range 15 Terrain Scan Range 16 Terrain Scan Density 10 Base Temperature (-) 100 Armor Coverage 150 Resistance: KI 20 Resistance: TH 20 Resistance: EX 20 Resistance: EM 20 Resistance: I 20 Resistance: S 20 Resistance: P 20 Evasion (%) 55 Targeting Accuracy 6 Recoil Reduction 1 Offensive Hacking 10 Item Schematics ----------------- None Robot Schematics ------------------ None Fabricated ------------ Nothing Alien Tech Used ----------------- None Achievements -------------- None Challenges ------------ None Game ------ Seed TargetingAnalysisAccelerator Manual? 0 Play Time 00:32:55 Cumulative 6.2 hours Start 2023.08.05 @ 07:45:15 End 2023.08.05 @ 08:17:43 Sessions 1 Manual Loads 0 Difficulty Adventurer Special Mode None Game No. 5 Rogue 0 Adventurer 5 Explorer 0 Win Type - Total 0 Types 0/0/0/0/0/0/0/0/0 Lore% 14 Gallery% 21 Achievement% 15 Wizard Run 0 Options --------- ASCII 1 Keyboard 0 Movement Numpad Keybinds 0 Fullscreen 1 Font 18/Terminus Map View 76x50 Tactical HUD 1 Map Filters NONE Filters NONE Steam 1 RUN: e60a92ce-ce56-4cbd-94b3-852e842816c2